 Dungeon Crawl Stone Soup version 0.29-a0-234-g0dae59b3db (webtiles) character file.

Game seed: 16472115994467489329

15047 bande the Cleaver (level 12, -4/73 HPs)
             Began as a Gargoyle Fighter on Mar 3, 2022.
             Was a High Priest of Okawaru.
             Slain by a blink frog (12 damage)
             ... on level 1 of the Lair of Beasts.
             The game lasted 00:26:22 (13672 turns).

bande the Cleaver (Gargoyle Fighter)               Turns: 13672, Time: 00:26:23

Health: -4/73      AC: 27    Str: 20    XL:     12   Next: 22%
Magic:  16/16      EV:  6    Int: 10    God:    Okawaru [*****.]
Gold:   615        SH: 12    Dex: 15    Spells: 11/11 levels left

rFire   . . .      SeeInvis .   v - +2 hand axe (vamp)
rCold   + + +      Faith    .   c - +1 buckler
rNeg    + . .      Spirit   .   g - +0 plate armour
rPois   ∞          Reflect  +   f - +2 hat
rElec   +          Harm     .   (no cloak)
rCorr   +          Rampage  .   B - +1 pair of gloves
Will    .....                   (no boots)
Stlth   ..........              r - amulet of Vuogagre {Reflect rPois rC++ rCorr Slay+3 SH+5}
HPRegen 0.22/turn               x - ring of flight
MPRegen 0.15/turn               y - ring of protection from cold

@: flying, studying Fire Magic
A: sickness immunity, AC +8, negative energy resistance 1, electricity
resistance, torment resistance 1, petrification resistance, horns 1, agile 1,
MP-powered wands
a: Renounce Religion, Heroism, Finesse, Duel


You were on level 1 of the Lair of Beasts.
You worshipped Okawaru.
Okawaru was extremely pleased with you.
You visited 3 branches of the dungeon, and saw 12 of its levels.

You collected 625 gold pieces.
You spent 10 gold pieces at shops.

Inventory:

Hand Weapons
 a - a +0 war axe
 i - a +5 flail of draining
 v - a +2 vampiric hand axe (weapon)
 w - the +14 obsidian axe {vorpal, Mesm Drain Fly SInv}
   (Okawaru gifted it to you on level 1 of the Lair of Beasts)

   It inflicts extra damage upon your enemies.
   It occasionally summons demons to assist the wielder when it strikes in
   combat.
   Its wielder is mesmerised by any visible foes.
   It cannot be unequipped while any foes are visible.
   SInv:      It lets you see invisible.
   Fly:       It grants you flight.
   Drain:     It drains your maximum health when unequipped.
Missiles
 z - a throwing net (quivered)
Armour
 c - a +1 buckler (worn)
 f - a +2 hat (worn)
 g - a +0 plate armour (worn)
 B - a +1 pair of gloves (worn)
Jewellery
 r - the amulet of Vuogagre (around neck) {Reflect rPois rC++ rCorr Slay+3 SH+5}
   (You acquired it on level 6 of the Dungeon)

   [amulet of reflection]

   It reflects blocked missile attacks.
   Slay:      It affects your accuracy & damage with ranged weapons and melee
   (+3).
   rC:        It greatly protects you from cold.
   rPois:     It protects you from poison.
   rCorr:     It protects you from acid and corrosion.
   SH:        It affects your SH (+5).
 s - a ring of positive energy
 x - a ring of flight (left hand)
 y - a ring of protection from cold (right hand)
 D - an amulet of the acrobat
Wands
 b - a wand of digging (9)
 o - a wand of flame (19)
 q - a wand of iceblast (14)
Scrolls
 e - a scroll of magic mapping
 k - a scroll of amnesia
 m - 7 scrolls of teleportation
 p - 3 scrolls of fear
 u - 3 scrolls of fog
 C - 3 scrolls of identify
Potions
 d - 5 potions of might
 h - 3 potions of curing
 j - a potion of heal wounds
 l - a potion of flight
 n - a potion of ambrosia
 t - a potion of invisibility
 A - 2 potions of brilliance
 E - a potion of cancellation {unknown}


   Skills:
 + Level 8.0 Fighting
 + Level 10.6 Axes
 + Level 9.0 Armour
 - Level 0.3 Stealth
 + Level 9.3 Shields
 * Level 5.7 Invocations
 * Level 7.3 Evocations


You had 11 spell levels left.
You didn't know any spells.
Your spell library contained the following spells:

 Spells                   Type           Power      Damage    Failure   Level
 Conjure Flame            Conj/Fire      0%         6-21      100%        3
 Ignite Poison            Fire/Tmut/Pois 0%         N/A       100%        3
 Mephitic Cloud           Conj/Pois/Air  0%         N/A       100%        3
 Stone Arrow              Conj/Erth      0%         3d7       100%        3
 Sticky Flame             Conj/Fire      0%         2d3       100%        4
 Freezing Cloud           Conj/Ice/Air   0%         6-21      100%        5
 Lehudib's Crystal Spear  Conj/Erth      0%         10d2      100%        8
 Summon Small Mammal      Summ           Unusable   N/A       N/A         1
 Call Canine Familiar     Summ           Unusable   N/A       N/A         3
 Summon Guardian Golem    Hex/Summ       Unusable   N/A       N/A         3
 Animate Armour           Summ/Erth      Unusable   N/A       N/A         4

Dungeon Overview and Level Annotations

Branches:
Dungeon (9/15)             Temple (1/1) D:7            Lair (2/6) D:9
    Orc (0/2) D:9
  Swamp: Lair:2-4    Shoals: Lair:2-4     Snake: Lair:2-4    Spider: Lair:2-4

Altars:
Ashenzari
Dithmenos
Fedhas
Kikubaaqudgha
Makhleb
Nemelex Xobeh
Okawaru
Ru
Sif Muna
Trog
Vehumet
Zin
The Shining One

Shops:
D:9 !


Innate Abilities, Weirdness & Mutations

You are immune to sickness and miasma.
Your stone body is resilient. (AC +8)
You are immune to poison.
You resist negative energy. (rN+)
You are resistant to electric shocks. (rElec)
You are resistant to unholy torment.
You are immune to petrification.
You have a pair of small horns on your head.
You are agile. (Dex +2)
You expend magic power (3 MP) to strengthen your wands.


Message History

The blink frog is moderately wounded.
You hit the blink frog. x2; You feel better.
The blink frog barely misses you.
The blink frog blinks!
You block the blink frog's attack.
Unknown command.
You barely miss the blink frog. Your headbutt misses the blink frog.
The blink frog is lightly wounded.
You barely miss the blink frog. You miss the blink frog.
You hit the blink frog.
You feel better. The blink frog hits you!
The blink frog blinks!
The blink frog hits you.
The blink frog blinks!
The blink frog hits you.
The blink frog blinks!
You block the blink frog's attack.
The blink frog blinks!
The blink frog hits you but does no damage.
The blink frog blinks!
The blink frog hits you.
* * * LOW HITPOINT WARNING * * *
You block the blink frog's attack.
The blink frog blinks! x2
There is a stone staircase leading up here.
Unknown command.
Unknown command.
You block the blink frog's attack. The blink frog hits you!
* * * LOW HITPOINT WARNING * * *
The blink frog hits you.
* * * LOW HITPOINT WARNING * * *
The blink frog blinks! x2
You fly upwards.
There is a stone staircase leading down here.
You closely miss the blink frog. Your headbutt misses the blink frog.
The blink frog is moderately wounded.
You block the blink frog's attack.
You barely miss the blink frog. Your headbutt misses the blink frog.
The blink frog is moderately wounded.
The blink frog barely misses you.
You closely miss the blink frog.
The blink frog is moderately wounded.
You block the blink frog's attack.
You hit the blink frog. Your headbutt misses the blink frog.
The blink frog is moderately wounded.
The blink frog hits you!
You die...

.......##.....##.....#P.....#!..#
#......##.....##.....##......+...
#......###.#####.....##.....##...
.......###'#.###.....##.....##...
.....................#########...
.....................##.###.#P...
.................................
...............F........[........
............)...@................
.......#.##.#......###.#'###.....
##.....###.###....#...>....#.....
###....##...#.....P........#.....
.......#....##)...P........#.....
.##.....#...P#.............P.....
........#...##....#..............
.#.....##...+..............#.....
.#......+...##....#........#.....


You could see a blink frog.

Vanquished Creatures
  2 hydras (Lair:1)
  2 two-headed ogres
  The ghost of testman the Fighter, a novice DsCA of Ignis (D:8)
  An ugly thing (D:7)
  A cyclops (D:8)
  A manticore (D:7)
  A gargoyle (D:7)
  2 cane toads (Lair:1)
  Maggie (D:9)
  The ghost of sdfasdf239h the Insei, a novice OpTm (D:5)
  2 komodo dragons (Lair:1)
  2 trolls
  A shadow (D:6)
  A vampire (D:6)
  8 yaks
  A wyvern (D:7)
  A basilisk (D:7)
  4 steam dragons (D:7)
  A vampire mosquito (D:7)
  Edmund (D:6)
  4 acid dragons
  6 water moccasins
  Duvessa (D:6)
  5 ice beasts
  A black bear (D:7)
  2 orc warriors
  5 sky beasts
  5 centaurs
  5 ogres
  9 wolves (Lair:1)
  A kobold brigand (D:9)
  6 bullfrogs
  A necrophage (D:5)
  A gnoll sergeant (D:8)
  A scorpion (D:6)
  Dowan (D:6)
  7 killer bees
  5 howler monkeys
  3 jellies
  3 hounds
  3 orc priests
  2 gnoll shamans
  4 iguanas (D:6)
  10 orc wizards
  Terence (D:2)
  12 gnolls
  10 adders
  4 shadow imps
  3 white imps
  2 ufetubi
  5 dart slugs
  28 orcs
  10 endoplasms
  4 giant cockroaches
  8 hobgoblins
  14 kobolds
  4 quokkas
  3 ball pythons
  6 bats
  4 frilled lizards
  8 goblins
  4 rats
256 creatures vanquished.

Vanquished Creatures (others)
  An orc wizard (D:8)
  3 fungi (Lair:1)
4 creatures vanquished.

Grand Total: 260 creatures vanquished

Notes
Turn   | Place    | Note
-------+----------+-------------------------------------------
     0 | D:1      | bande the Gargoyle Fighter began the quest for the Orb.
     0 | D:1      | Reached XP level 1. HP: 14/14 MP: 1/1
   118 | D:1      | Reached XP level 2. HP: 19/19 MP: 2/2
   444 | D:1      | Reached skill level 2 in Axes
   492 | D:1      | Reached XP level 3. HP: 15/24 MP: 3/3
  1517 | D:2      | Reached XP level 4. HP: 29/29 MP: 4/4
  1632 | D:2      | Noticed Terence
  1642 | D:2      | Killed Terence
  1643 | D:2      | Reached skill level 3 in Axes
  2035 | D:2      | Found a faded altar of an unknown god.
  2189 | D:3      | Reached XP level 5. HP: 17/33 MP: 5/5
  2351 | D:3      | Found a bloodstained altar of Trog.
  2391 | D:3      | Found an ancient bone altar of Kikubaaqudgha.
  3680 | D:4      | Reached skill level 4 in Axes
  4077 | D:4      | Reached XP level 6. HP: 37/38 MP: 6/6
  4626 | D:4      | Reached skill level 1 in Evocations
  4758 | D:5      | Entered Level 5 of the Dungeon
  4831 | D:5      | Reached XP level 7. HP: 44/44 MP: 7/7
  4896 | D:5      | Reached skill level 5 in Axes
  5080 | D:5      | Found a runed translucent door.
  5293 | D:5      | Noticed sdfasdf239h's ghost (novice OpTm)
  5312 | D:5      | Reached skill level 5 in Armour
  5422 | D:5      | Killed sdfasdf239h's ghost
  5423 | D:5      | Reached skill level 5 in Fighting
  5423 | D:5      | Reached skill level 6 in Axes
  5423 | D:5      | Reached XP level 8. HP: 4/49 MP: 8/8
  5858 | D:6      | Identified a scroll of acquirement
  5858 | D:6      | Acquired the amulet of Vuogagre {Reflect rPois rC++ rCorr
                  | Slay+3 SH+5}
  5906 | D:6      | Gained mutation: You have a pair of small horns on your
                  | head. [potion of mutation]
  5906 | D:6      | Gained mutation: You expend magic power (3 MP) to
                  | strengthen your wands. [potion of mutation]
  5906 | D:6      | Gained mutation: You are agile. (Dex +2) [potion of
                  | mutation]
  5953 | D:6      | Noticed Edmund
  5963 | D:6      | Killed Edmund
  6966 | D:6      | Noticed Duvessa
  6968 | D:6      | Noticed Dowan
  6980 | D:6      | Reached skill level 7 in Axes
  6981 | D:6      | Killed Dowan
  6982 | D:6      | Reached skill level 5 in Shields
  6982 | D:6      | Reached XP level 9. HP: 32/54 MP: 9/9
  6982 | D:6      | Killed Duvessa
  7359 | D:6      | Noticed a two-headed ogre
  7371 | D:6      | Killed a two-headed ogre
  7372 | D:6      | Reached skill level 8 in Axes
  7604 | D:6      | Found a shimmering blue altar of Sif Muna.
  7604 | D:6      | Found a broken altar of Ashenzari.
  7855 | D:6      | Reached XP level 10. HP: 60/60 MP: 10/10
  7866 | D:6      | Reached skill level 5 in Evocations
  8389 | D:7      | Found a staircase to the Ecumenical Temple.
  8398 | Temple   | Entered the Ecumenical Temple
  8435 | Temple   | Became a worshipper of Warmaster Okawaru
  8519 | D:7      | Reached skill level 1 in Invocations
  8531 | D:7      | Reached * piety under Okawaru
  8532 | D:7      | Reached skill level 9 in Axes
  8561 | D:7      | Noticed a two-headed ogre
  8572 | D:7      | Killed a two-headed ogre
  8698 | D:7      | Reached ** piety under Okawaru
  8713 | D:7      | Noticed a manticore
  8713 | D:7      | Noticed a green ugly thing
  8732 | D:7      | Killed a green ugly thing
  8735 | D:7      | Killed a manticore
  8735 | D:7      | Reached *** piety under Okawaru
  8736 | D:7      | Reached XP level 11. HP: 26/67 MP: 13/13
  9000 | D:7      | Identified the +6 flail of Benevolence {flame, Drain rF+
                  | Str+3}
  9753 | D:7      | Found the +8 mithril axe "Arga" {speed, Will+}
 10073 | D:8      | Found a shadowy altar of Dithmenos.
 10134 | D:8      | Noticed a cyclops
 10149 | D:8      | Killed a cyclops
 10211 | D:8      | Reached **** piety under Okawaru
 10243 | D:8      | Reached skill level 10 in Axes
 10578 | D:8      | Found a large runed translucent door.
 10578 | D:8      | Found a large runed translucent door.
 10581 | D:8      | Noticed testman's ghost (novice DsCA)
 11083 | D:8      | Killed testman's ghost
 11118 | D:9      | Found a burning altar of Makhleb.
 11123 | D:9      | Found a glowing silver altar of Zin.
 11123 | D:9      | Noticed a green death
 11123 | D:9      | Noticed an angel
 11284 | D:9      | Found a staircase to the Lair.
 11297 | D:9      | Noticed Maggie
 11316 | D:9      | Killed Maggie
 11562 | D:9      | Reached ***** piety under Okawaru
 11574 | D:9      | Found a staircase to the Orcish Mines.
 11687 | D:9      | Found Maas's Distillery.
 11884 | D:9      | Bought a potion of degeneration for 10 gold pieces
 11941 | Lair:1   | Entered Level 1 of the Lair of Beasts
 12012 | Lair:1   | Reached skill level 5 in Invocations
 12250 | Lair:1   | Reached XP level 12. HP: 65/73 MP: 15/15
 12797 | Lair:1   | Noticed a seven-headed hydra
 12810 | Lair:1   | Killed a seven-headed hydra
 13278 | Lair:1   | Noticed a seven-headed hydra
 13296 | Lair:1   | Killed a seven-headed hydra
 13296 | Lair:1   | Received a gift from Okawaru
 13296 | Lair:1   | Found the +14 obsidian axe {vorpal, Mesm Drain Fly SInv}
 13672 | Lair:1   | Slain by a blink frog

Illustrated notes

Levels and vault maps discovered:
D:1:      nzn_arrival_depleted_hourglass, layout_loops_ring
D:2:      layout_rooms, ebering_ecumenical_altar_hall, minmay_between,
          uniq_terence
D:3:      layout_basic, old_standard_altar, kiku_gazebo_pond_becter
D:4:      layout_gridville, hex_medium, nrook_mini_backslash
D:5:      layout_rooms, ebering_ghost_sewer_d, kennysheep_minor_cross
D:6:      cheibrodos_barr_body, layout_layer_cave, jmf_multi_god_temple,
          serial_glass, glass_columns_a, glass_columns_a, uniq_edmund,
          uniq_duvessa
D:7:      layout_basic, minmay_temple_entry_grid, minmay_the_grid_2x2
          [minmay_the_grid_embedded, minmay_the_grid_doors,
          minmay_the_grid_aliased_spiral,
          minmay_the_grid_prize_four_corners_diamond_a]
D:8:      layout_rooms, nicolae_dithmenos_shadow_blocks,
          ebering_ghost_disaster_area, serial_rivers,
          chequers_serial_rivers_room_a, chequers_serial_rivers_micro_d,
          chequers_serial_rivers_small_b, chequers_serial_rivers_micro_c
D:9:      layout_roguey, grunt_temple_overflow_order_and_chaos_2,
          lair_entry_dummy, david_orc_2, serial_shops, shop, uniq_maggie
Temple:   regret_index_temple_waves
Lair:1:   layout_regular_city
Lair:2:   layout_gridlike, minmay_snake_entry_spellcaster, minmay_hedge_maze,
          st_stairs_4, hangedman_tree_tricks

Skill      XL: |  1  2  3  4  5  6  7  8  9 10 11 12 |
---------------+-------------------------------------+-----
Axes           | 2 3 4 6 7 8 9 10 | 10.6
Fighting       | 4 5 6 7 8 |  8.0
Armour         | 4 5 6 7 8 9 |  9.0
Evocations     | 1 2 3 4 6 7 |  7.3
Shields        | 4 5 6 7 8 9 |  9.3
Invocations    | 3 5 |  5.7
Stealth        | |  0.3

Action                   |  1- 3 |  4- 6 |  7- 9 | 10-12 || total
-------------------------+-------+-------+-------+-------++-------
Melee: War axe           |   138 |   181 |   209 |       ||   528
       Headbutt          |       |       |    31 |   164 ||   195
       Hand axe          |       |       |    25 |   652 ||   677
       Flail             |       |       |       |    10 ||    10
Invok: Heroism           |       |       |       |     1 ||     1
  Use: Scroll            |     8 |     3 |     3 |     8 ||    22
       Potion            |       |       |     1 |       ||     1
Armor: Scale mail        |    82 |    14 |       |       ||    96
       Chain mail        |       |    88 |   162 |   249 ||   499
       Plate armour      |       |       |       |   178 ||   178
Dodge: Dodged            |    69 |    58 |    62 |   167 ||   356
Block: Buckler           |    38 |    43 |   102 |   468 ||   651
       Reflection        |       |       |     5 |     7 ||    12

Table legend: (Time is in decaauts)
 A = Elapsed time spent in this place.
 B = Non-inter-level travel time spent in this place.
 C = Inter-level travel time spent in this place.
 D = Time resting spent in this place.
 E = Time spent auto-exploring this place.
 F = Levels seen in this place.
 G = Mean time per level.
                   A        B        C        D        E       F      G
               +--------+--------+--------+--------+--------+-----+--------+
         Total |  13759 |  13673 |     86 |   3472 |   7228 |  12 | 1146.6 |
       Dungeon |  11975 |  11889 |     86 |   2770 |   6466 |   9 | 1330.6 |
        Temple |     75 |     75 |      0 |      0 |      0 |   1 |   75.0 |
          Lair |   1708 |   1708 |      0 |    702 |    762 |   2 |  854.0 |
               +--------+--------+--------+--------+--------+-----+--------+

Top non-repeatable levels by time:
     D:6: 2014 daAuts
     D:5: 1734 daAuts
  Lair:1: 1687 daAuts
     D:4: 1582 daAuts
     D:7: 1508 daAuts
     D:1: 1166 daAuts
     D:3: 1129 daAuts
     D:2: 1000 daAuts
     D:8: 949 daAuts
     D:9: 889 daAuts
  Temple: 75 daAuts
  Lair:2: 20 daAuts
